 Dungeon Crawl Stone Soup version 0.20-a0-991-g93344ec (webtiles) character file.

328 Ordine the Magician (level 6, -1/38 HPs)
             Began as an Octopode Transmuter on Apr 10, 2017.
             Slain by a gnoll
             ... wielding a +0 spear
              (6 damage)
             ... on level 3 of the Dungeon on Apr 11, 2017.
             The game lasted 00:11:18 (3875 turns).

Ordine the Magician (Octopode Transmuter)           Turns: 3875, Time: 00:11:19

Health: -1/38      AC:  1    Str:  9    XL:     6   Next: 50%
Magic:  11/12      EV: 21    Int: 18    God:
Gold:   117        SH:  0    Dex: 17    Spells: 6/14 levels left

rFire    . . .     SeeInvis .     - Unarmed
rCold    . . .     Gourm    .   (no shield)
rNeg     . . .     Faith    .   (helmet restricted)
rPois    .         Spirit   .   (no amulet)
rElec    .         Reflect  .   (no ring)
rCorr    .         Harm     .   (no ring)
MR       .....     Rnd*Rage +   (no ring)
Stlth    ++++......             (no ring)
Regen    0.2/turn               (no ring)
MPRegen  0.2/turn               (no ring)
                                (no ring)
                                (no ring)

@: agile, flying
A: almost no armour, stealthy swim, amphibious, 8 rings, constrict 8, repulsion
field 1, camouflage 1, berserk 1, gelatinous body 1
a: no special abilities


You were on level 3 of the Dungeon.
You were not hungry.

You visited 1 branch of the dungeon, and saw 3 of its levels.

You collected 117 gold pieces.

Inventory:

Missiles
 e - 185 stones (quivered)
Potions
 a - a potion of haste {unknown}
 d - 2 potions of curing {unknown}
 f - a potion of flight
 g - a potion of agility
 h - a potion of ambrosia {unknown}
 i - a potion of magic {unknown}
 j - a potion of cancellation {unknown}
Books
 b - a book of Changes

   Spells                             Type                      Level
   a - Beastly Appendage              Transmutation                1
   b - Sticks to Snakes               Transmutation                2
   c - Spider Form                    Transmutation/Poison         3
   d - Ice Form                       Ice/Transmutation            4
   e - Blade Hands                    Transmutation                5
Comestibles
 c - a bread ration
 k - a meat ration


   Skills:
 - Level 1.0 Fighting
 - Level 2.0 Dodging
 + Level 4.3 Unarmed Combat
 * Level 4.6 Spellcasting
 + Level 3.5 Transmutations


You had 6 spell levels left.
You knew the following spells:

 Your Spells              Type           Power        Failure   Level  Hunger
a - Beastly Appendage     Tmut           ###...       3%          1    None
b - Spider Form           Tmut/Pois      ##........   24%         3    ###....
c - Ice Form              Ice/Tmut       ##......     78%         4    ####...


Dungeon Overview and Level Annotations

Branches:
Dungeon (3/15)

Altars:

Annotations:
D:3 Natasha


Innate Abilities, Weirdness & Mutations

You cannot wear most types of armour.
You are very stealthy in the water. (Stealth+)
You are amphibious.
You can wear up to eight rings at the same time.
You can use your tentacles to constrict eight enemies at once.
Your skin changes colour to match your surroundings (Stealth+).
Your rubbery body absorbs attacks. (AC +1, EV +1)
You are surrounded by a mild repulsion field. (EV +2)
You tend to lose your temper in combat.


Message History

The gnoll hits you from afar with a spear.
* * * LOW HITPOINT WARNING * * *
You struggle against the net.
The gnoll hits you from afar with a spear.
* * * LOW HITPOINT WARNING * * *
You rip the net and break free!
The gnoll hits you from afar with a spear.
* * * LOW HITPOINT WARNING * * *
Your magical contamination has completely faded away.
The gnoll barely misses you.
The gnoll hits you from afar with a spear.
* * * LOW HITPOINT WARNING * * *
Natasha, Servant of Life and Death comes into view.
Natasha hisses angrily.
Natasha mumbles some strange words.
Okay, then.
It was a potion of agility.
You feel agile all of a sudden.
The gnoll hits you from afar with a spear.
You die...

..# #.#######♣♣♣♣♣
♣.# .###########.####
.# ................##
. .
###########..##..###.
.. .. #..#..P.......
#....♣ ♣.... #...♣♣
♣PP# #.#..♣♣♣P.##.#
..###.g.@.....# ###
#..P......h..
#PPPP.....5.#.
....♣♣♣P..#..## ###.P
.P.###.# ##P ..PP. ##
#. ...##. ####.## ##


You could see Natasha, a gnoll and a shadow imp.

Vanquished Creatures
  Sigmund (D:2)
  Terence (D:2)
  Robin (D:2)
  3 gnolls (D:3)
  3 adders (D:2)
  7 worms
  A dart slug (D:2)
  10 bats
  4 giant cockroaches
  13 goblins
  8 hobgoblins
  5 kobolds
  3 quokkas (D:2)
  2 ball pythons
  2 frilled lizards
  8 rats
72 creatures vanquished.

Notes
Turn   | Place    | Note
-------+----------+-------------------------------------------
     0 | D:1      | Ordine the Octopode Transmuter began the quest for the Orb.
     0 | D:1      | Reached XP level 1. HP: 13/13 MP: 3/3
   174 | D:1      | Reached XP level 2. HP: 16/18 MP: 5/5
  1040 | D:2      | Reached XP level 3. HP: 12/23 MP: 7/7
  1229 | D:2      | Learned a level 3 spell: Spider Form
  1267 | D:2      | Noticed Sigmund
  1691 | D:2      | Noticed Terence
  2056 | D:2      | Noticed Robin
  2069 | D:2      | Gained mutation: You tend to lose your temper in combat. [potion of mutation]
  2069 | D:2      | Gained mutation: You are surrounded by a mild repulsion field. (EV +2) [potion of mutation]
  2315 | D:2      | Reached XP level 4. HP: 7/28 MP: 8/8
  2607 | D:2      | Killed Sigmund
  2607 | D:2      | Reached XP level 5. HP: 32/33 MP: 5/11
  2672 | D:2      | Learned a level 4 spell: Ice Form
  2929 | D:2      | Reached XP level 6. HP: 38/38 MP: 8/12
  2952 | D:2      | Killed Robin
  3242 | D:2      | Killed Terence
  3873 | D:3      | Noticed Natasha
  3875 | D:3      | Slain by a gnoll

Vault maps used:
D:1:      dpeg_arrival_more_subterranean_lakeside_camping
D:2:      serial_glass, glass_columns_c, glass_columns_b, glass_columns_a,
          glass_columns_b, glass_columns_a, glass_columns_c, glass_columns_a,
          glass_columns_b, glass_columns_a, glass_columns_a, glass_columns_c,
          glass_columns_a, glass_columns_a, glass_columns_a, item_on_display_a,
          uniq_robin, uniq_sigmund, uniq_terence
D:3:      kiku_gazebo_pond_becter, serial_forest, infiniplex_forest_clump_small,
          infiniplex_forest_split, infiniplex_forest_lined_2,
          infiniplex_forest_zigzag_2, infiniplex_forest_clump_double,
          infiniplex_forest_clump_small, infiniplex_forest_lined_corner,
          infiniplex_forest_straight_3, infiniplex_forest_zigzag_1,
          uniq_natasha, uniq_crazy_yiuf_cottage, uniq_iyjb

Skill      XL: |  1  2  3  4 |
---------------+-------------+-----
Spellcasting   | 3 4 |  4.6
Unarmed Combat | 4 |  4.3
Transmutations | 3 |  3.5
Fighting       | |  1.0
Dodging        | |  2.0

Action                   |  1- 3 |  4- 6 || total
-------------------------+-------+-------++-------
Melee: Unarmed           |    93 |    93 ||   186
       Constrict         |    26 |     9 ||    35
       Tentacles         |    13 |     3 ||    16
       Punch             |     1 |     1 ||     2
Throw: Stone             |     5 |     1 ||     6
 Cast: Spider Form       |       |     7 ||     7
  Use: Scroll            |     3 |       ||     3
       Potion            |     2 |     4 ||     6
 Stab: Sleeping          |     5 |       ||     5
  Eat: Chunk             |     3 |     7 ||    10
Armor: Skin              |     7 |     8 ||    15
Dodge: Dodged            |    72 |    54 ||   126
